 Dungeon Crawl Stone Soup version 0.25.1-2-g60ff931df9 (webtiles) character file.

Game seed: 10862043750422564202

4225 lepoulpe303 the Thaumaturge (level 10, -4/44 HPs)
             Began as a Spriggan Earth Elementalist on Aug 24, 2020.
             Was an Initiate of Gozag.
             Slain by a three-headed hydra (15 damage)
             ... on level 8 of the Dungeon.
             The game lasted 00:47:06 (12255 turns).

lepoulpe303 the Thaumaturge (SpEE)                 Turns: 12255, Time: 00:47:07

Health: -4/44      AC:  2    Str:  4    XL:     10   Next: 9%
Magic:  13/24      EV: 28    Int: 19    God:    Gozag
Gold:   818        SH:  5    Dex: 18    Spells: 9/27 levels left

rFire    . . .     SeeInvis +   a - +0 short sword (protect)
rCold    . . .     Gourm    .   (shield restricted)
rNeg     . . .     Faith    .   c - +0 robe
rPois    .         Spirit   .   (helmet restricted)
rElec    .         Reflect  +   (no cloak)
rCorr    .         Harm     .   (gloves unavailable)
MR       +....                  (boots unavailable)
Stlth    ++++......             z - amulet of reflection
HPRegen  0.14/turn              d - +4 ring of evasion
MPRegen  0.19/turn              (no ring)

@: confusing touch, very slightly contaminated, very quick
A: very small, unfitting armour, see invisible, herbivore, speed 3, slow
metabolism 2
a: Potion Petition, Call Merchant, Bribe Branch, Renounce Religion


You were on level 8 of the Dungeon.
You worshipped Gozag.
Gozag was pleased with you.
You were not hungry.

You visited 2 branches of the dungeon, and saw 9 of its levels.

You collected 917 gold pieces.
You paid 99 gold pieces to Gozag.

Inventory:

Hand Weapons
 a - a +0 short sword of protection (weapon)
 b - a +0 short sword
 F - a +2 dagger of speed
Missiles
 q - 9 poisoned darts (quivered)
 Q - 30 stones
Armour
 c - a +0 robe (worn)
Jewellery
 d - a +4 ring of evasion (left hand)
 z - an amulet of reflection (around neck)
Wands
 l - a wand of paralysis (12)
 s - a wand of acid (7)
 w - a wand of flame (10)
 x - a wand of disintegration (10)
 y - a wand of iceblast (6)
 D - a wand of digging (5)
Scrolls
 g - 2 scrolls of immolation {unknown}
 i - 2 scrolls of identify
 m - a scroll of enchant armour {unknown}
 p - a scroll of fog {unknown}
 r - a scroll of fear {unknown}
 t - 4 scrolls of teleportation
 u - a scroll of random uselessness {unknown}
 A - a scroll of vulnerability {unknown}
 B - 3 scrolls of summoning {unknown}
 C - a scroll of enchant weapon {unknown}
 E - a scroll of remove curse {unknown}
Potions
 f - a potion of degeneration {unknown}
 h - 2 potions of mutation {!q}
 j - 4 potions of curing
 k - a potion of haste {unknown}
 n - 2 potions of invisibility
 o - 4 potions of lignification {unknown}
 v - a potion of resistance {unknown}
Comestibles
 e - 11 rations


   Skills:
 + Level 5.5 Short Blades
 + Level 8.1 Dodging
 + Level 8.7 Stealth
 * Level 9.4 Spellcasting
 * Level 5.2 Hexes
 - Level 1.3 Transmutations
 * Level 7.3 Earth Magic


You had 9 spell levels left.
You knew the following spells:

 Your Spells              Type           Power        Failure   Level  Hunger
a - Sandblast             Erth           #####.       1%          1    None
b - Confusing Touch       Hex            ####....     2%          3    None
c - Petrify               Tmut/Erth      ####....     13%         4    ###....
w - Passwall              Tmut/Erth      ####....     1%          2    None
x - Stone Arrow           Conj/Erth      ###...       5%          3    None
z - Lee's Rapid Deconstr  Erth           #####.....   11%         5    #####..

Your spell library contained the following spells:

 Spells                   Type           Power        Failure   Level  Hunger
 Corona                   Hex            ####...      1%          1    None
 Tukima's Dance           Hex            ####....     2%          3    None
 Ensorcelled Hibernation  Hex/Ice        ###...       4%          2    None
 Dazzling Flash           Conj/Hex       ###...       9%          3    None
 Gell's Gravitas          Tloc           #.........   24%         3    None
 Yara's Violent Unravell  Hex/Tmut       ###.......   50%         5    #####..
 Metabolic Englaciation   Hex/Ice        ###.......   58%         5    #####..


Dungeon Overview and Level Annotations

Branches:
Dungeon (8/15)             Temple (1/1) D:5
   Lair: D:8-11

Altars:
Cheibriados
Dithmenos
Elyvilon
Fedhas
Gozag
Makhleb
Nemelex Xobeh
Okawaru
Qazlal
Ru
Sif Muna
Trog
Uskayaw
Vehumet
Wu Jian
Xom
Yredelemnul
Zin

Annotations:
D:6 3 runed translucent doors ; revenir avec rc ++, Maadim's ghost, novice OpSk


Innate Abilities, Weirdness & Mutations

You are very small and have problems with some larger weapons.
You are too small for most types of armour.
You have supernaturally acute eyesight. (SInv)
You are a herbivore.
You cover ground extremely quickly.
You need to consume almost no food.


Message History

Your unstable footing causes you to fumble your attack.
You block the three-headed hydra's attack.
The three-headed hydra completely misses you.
The three-headed hydra bites you!
* * * LOW HITPOINT WARNING * * *
You take 14 damage, and have 10/44 hp.
MASSIVE DAMAGE!!
Aim: a three-headed hydra (heavily wounded, chance to confuse on hit: 23%)
You miscast Stone Arrow.
You are very lightly contaminated with residual magic.
Nothing appears to happen.
You now have 18/24 mp.
Aim: a three-headed hydra (heavily wounded, chance to confuse on hit: 23%)
The stone arrow hits the three-headed hydra!
You now have 16/24 mp.
Aim: a three-headed hydra (severely wounded, chance to confuse on hit: 23%)
The stone arrow hits the three-headed hydra!
The three-headed hydra bites you!
You die...
Your body crumbles into a pile of gold.

.##...#.##.##
##...#...#.......#
.###........#
#.#.##.....#####.#
.####....#..#
#.#.###..........#
...##....#..###.#.#
##...#######
.#.##....#........###.....#
#..###..##.##.......#.##..#
........##.....####.#.##..#
.........#.###.#.<#.#.....#
...........# #.#@##########
.......#...###..D#PP≈P.+).#
.....(.##......#.#P≈$≈≈#.%#
#.......#..#####.#≈.P≈P##'#
(#.#.#.##..# #.#.....#..#
.......##..#####..≈.$..'..#
.#....###..##...##..P..'..#
.....##..#.##.#.##≈....'..#
.#..####.#......##.....#..#


You could see a three-headed hydra.

Levels and vault maps discovered:
D:1:      minmay_arrival_wavy_path, layout_loops_ring
D:2:      layout_basic, old_standard_altar
D:3:      layout_basic, first_ration
D:4:      layout_basic, xom_teletrap_fun, uniq_robin, uniq_ijyb
D:5:      layout_loops_ring, kennysheep_slug_shrine,
          minmay_temple_entry_overgrown
D:6:      layout_rooms, gammafunk_ghost_icy
D:7:      layout_loops_corners, gammafunk_temple_overflow_wave
D:8:      layout_basic, david_lair_shrubbed, hangedman_ranch
          [blue_anna_fruit_fields], hangedman_decor_opposing,
          serial_park_tiny_pond
Temple:   eino_temple_lava

Notes
Turn   | Place    | Note
-------+----------+-------------------------------------------
     0 | D:1      | lepoulpe303 the Spriggan Earth Elementalist began the quest
                  | for the Orb.
     0 | D:1      | Reached XP level 1. HP: 9/9 MP: 5/5
   330 | D:1      | Reached skill level 3 in Spellcasting
   421 | D:1      | Reached XP level 2. HP: 13/13 MP: 4/7
   425 | D:1      | Learned a level 2 spell: Passwall
   591 | D:1      | Identified a +0 dagger
  1036 | D:1      | Identified a +0 short sword
  1179 | D:2      | Reached skill level 3 in Earth Magic
  1222 | D:2      | Reached XP level 3. HP: 16/16 MP: 8/8
  1227 | D:2      | Learned a level 3 spell: Stone Arrow
  1261 | D:2      | Identified a +0 dagger
  1261 | D:2      | Identified a +0 short sword
  1329 | D:2      | Identified a cursed -1 club
  1939 | D:2      | Found an iron altar of Okawaru.
  1940 | D:2      | Identified a cursed +0 spear
  1961 | D:2      | HP: 3/16 [quokka (4)]
  2370 | D:2      | Reached skill level 1 in Short Blades
  2401 | D:2      | Reached XP level 4. HP: 21/21 MP: 8/10
  2430 | D:2      | Learned a level 4 spell: Petrify
  2614 | D:3      | Identified a +0 mace
  2614 | D:3      | Identified a +0 chain mail
  2680 | D:3      | Identified 3 scrolls of identify
  2680 | D:3      | Identified a ring of evasion (You found it on level 1 of
                  | the Dungeon)
  2948 | D:3      | Identified a +0 whip
  2950 | D:3      | Reached skill level 4 in Spellcasting
  3015 | D:3      | Reached skill level 4 in Stealth
  3225 | D:4      | Reached skill level 4 in Dodging
  3225 | D:4      | Reached XP level 5. HP: 24/24 MP: 12/12
  3280 | D:4      | Identified a +0 long sword
  3280 | D:4      | Identified a +0 robe
  3281 | D:4      | Identified a +0 morningstar
  3281 | D:4      | Identified a +0 robe
  3512 | D:4      | Identified a +0 giant spiked club
  3512 | D:4      | Noticed an ogre
  3514 | D:4      | Identified a +2 mace
  3514 | D:4      | Identified a +0 robe
  3515 | D:4      | Identified a +0 giant club
  3515 | D:4      | Noticed an ogre
  3519 | D:4      | Identified a cursed -1 long sword
  3519 | D:4      | Identified a +0 robe
  3535 | D:3      | Killed an ogre
  3535 | D:3      | Reached skill level 2 in Short Blades
  3583 | D:4      | Identified a cursed +0 giant club
  3583 | D:4      | Noticed an ogre
  3624 | D:4      | Killed an ogre
  3624 | D:4      | Reached skill level 5 in Spellcasting
  3624 | D:4      | Reached skill level 4 in Earth Magic
  3624 | D:4      | Reached XP level 6. HP: 28/28 MP: 14/14
  3655 | D:4      | Reached skill level 5 in Stealth
  3727 | D:4      | Learned a level 5 spell: Lee's Rapid Deconstruction
  4165 | D:4      | Reached skill level 5 in Dodging
  4251 | D:4      | Reached XP level 7. HP: 32/32 MP: 16/16
  4339 | D:4      | Identified a +4 great sword
  4339 | D:4      | Identified a +0 robe
  4450 | D:4      | Identified a +0 hand axe
  4450 | D:4      | Identified a +0 robe
  4499 | D:4      | Identified a cursed +0 great sword
  4499 | D:4      | Identified a +0 robe
  4708 | D:4      | Identified a +2 battleaxe
  4708 | D:4      | Identified a +0 robe
  4820 | D:4      | Reached skill level 6 in Spellcasting
  4974 | D:4      | Reached skill level 3 in Short Blades
  5149 | D:4      | Identified a +0 club
  5149 | D:4      | Identified a +0 mace
  5149 | D:4      | Identified a cursed +0 animal skin
  5149 | D:4      | Identified a +0 helmet
  5149 | D:4      | Noticed Robin
  5150 | D:4      | Identified a +0 club
  5150 | D:4      | Identified a +0 club
  5151 | D:4      | Identified a +0 dagger
  5271 | D:4      | Identified a +0 club
  5273 | D:4      | Identified a cursed -3 club
  5324 | D:4      | Reached skill level 5 in Earth Magic
  5336 | D:4      | Identified a +0 hunting sling
  5351 | D:4      | Killed Robin
  5591 | D:4      | Found a shimmering altar of Xom.
  5654 | D:4      | Identified a +0 dagger
  5654 | D:4      | Identified a +0 leather armour
  5654 | D:4      | Noticed Ijyb
  5706 | D:4      | Killed Ijyb
  5769 | D:5      | Entered Level 5 of the Dungeon
  5786 | D:5      | Reached skill level 6 in Stealth
  5974 | D:5      | Reached XP level 8. HP: 21/36 MP: 13/18
  6219 | D:5      | HP: 8/36 [bullfrog zombie (4)]
  6546 | D:5      | Identified a +0 giant spiked club
  6546 | D:5      | Identified a +0 dagger
  6546 | D:5      | Identified a +0 robe
  6547 | D:5      | Identified a +0 war axe
  6602 | D:5      | Identified a +0 hand axe
  6602 | D:5      | Identified a +0 leather armour
  6630 | D:5      | Identified 3 scrolls of teleportation
  6630 | D:5      | HP: 9/36 [orc wizard/puff of frost (6)]
  6633 | D:5      | HP: 1/36 [orc wizard/puff of flame (8)]
  6963 | D:5      | Identified a +0 giant spiked club
  6968 | D:5      | Reached skill level 6 in Dodging
  7112 | D:5      | Found a snail-covered altar of Cheibriados.
  7270 | D:5      | Reached skill level 7 in Spellcasting
  7590 | D:5      | Found a staircase to the Ecumenical Temple.
  7601 | Temple   | Entered the Ecumenical Temple
  7636 | Temple   | Became a worshipper of Gozag Ym Sagoz the Greedy
  7776 | D:6      | Identified a +0 hand axe
  7776 | D:6      | Identified a +0 ring mail
  7784 | D:6      | Reached skill level 4 in Short Blades
  7930 | D:5      | Reached skill level 7 in Stealth
  7930 | D:5      | Reached skill level 6 in Earth Magic
  8031 | D:5      | Learned a level 3 spell: Confusing Touch
  8242 | D:6      | Identified a +0 whip
  8244 | D:6      | Identified a +2 dagger of speed
  8244 | D:6      | Identified a +0 robe
  8253 | D:6      | Reached skill level 1 in Hexes
  8253 | D:6      | Identified a cursed -2 flail
  8253 | D:6      | Identified a +0 ring mail
  9158 | D:6      | Identified a +0 mace
  9158 | D:6      | Identified a +0 hunting sling
  9463 | D:6      | Identified a +0 scale mail
  9508 | D:6      | Found a runed translucent gate.
  9508 | D:6      | Found a runed translucent gate.
  9508 | D:6      | Found a runed translucent gate.
  9513 | D:6      | Identified a +0 battleaxe
  9513 | D:6      | Identified a +0 plate armour
  9513 | D:6      | Identified a +0 scale mail
  9529 | D:6      | Reached skill level 8 in Spellcasting
  9529 | D:6      | Reached skill level 2 in Hexes
  9529 | D:6      | Reached XP level 9. HP: 29/39 MP: 20/22
  9531 | D:6      | Identified a +0 hand axe
  9531 | D:6      | Identified a +0 leather armour
  9578 | D:6      | Reached skill level 7 in Dodging
 10197 | D:6      | Identified a +0 club
 10201 | D:6      | Noticed Maadim's ghost (novice OpSk)
 10257 | D:6      | Identified an amulet of guardian spirit (You found it on
                  | level 6 of the Dungeon)
 10259 | D:6      | Identified 2 potions of mutation
 10260 | D:6      | Identified 2 potions of invisibility
 10414 | D:7      | Identified a +0 giant spiked club
 10418 | D:7      | Identified a +0 giant spiked club
 10481 | D:7      | Reached skill level 3 in Hexes
 10508 | D:7      | Identified a +0 dagger
 10510 | D:7      | Identified a +0 hand axe
 10510 | D:7      | Identified a +0 chain mail
 10511 | D:7      | Identified a +0 trident
 11094 | D:7      | Reached skill level 8 in Stealth
 11107 | D:7      | Identified an amulet of reflection (You found it on level 7
                  | of the Dungeon)
 11182 | D:7      | Found a hide-covered altar of Uskayaw.
 11182 | D:7      | Found a shimmering altar of Xom.
 11238 | D:8      | Reached skill level 5 in Short Blades
 11290 | D:8      | Reached skill level 4 in Hexes
 11535 | D:8      | Reached skill level 7 in Earth Magic
 11700 | D:8      | HP: 7/39 [black bear (3)]
 11732 | D:8      | Reached skill level 9 in Spellcasting
 12187 | D:8      | Identified a +0 short sword of protection
 12208 | D:8      | Reached skill level 5 in Hexes
 12208 | D:8      | Reached XP level 10. HP: 44/44 MP: 24/24
 12209 | D:8      | Reached skill level 8 in Dodging
 12230 | D:8      | Noticed a three-headed hydra
 12231 | D:8      | Identified a +0 short sword
 12246 | D:8      | HP: 10/44 [three-headed hydra (14)]
 12255 | D:8      | Slain by a three-headed hydra

Table legend:
 A = Turns spent in this place as a percentage of turns spent in the entire game.
 B = Non-inter-level travel turns spent in this place as a percentage of non-inter-level travel turns spent in the entire game.
 C = Inter-level travel turns spent in this place as a percentage of turns spent in this place.
 D = Turns resting spent in this place as a percentage of non-inter-level travel turns spent in this place.
 E = Turns spent auto-exploring this place as a percentage of non-inter-level travel turns spent in this place.
 F = Non-inter-level travel turns spent in this place divided by the number of levels of this place that you've seen.
                   A       B       C       D       E      F
               +-------+-------+-------+-------+-------+----------------------
         Total | 100.0 | 100.0 |   2.5 |  38.4 |  31.4 | 1327.8
       Dungeon |  99.6 |  99.7 |   2.4 |  38.5 |  31.2 | 1489.1
        Temple |   0.4 |   0.3 |  17.8 |   0.0 |  73.0 |  37.0
               +-------+-------+-------+-------+-------+----------------------

Table legend:
 A = Kills in this place as a percentage of kills in entire the game.
 B = Kills by you in this place as a percentage of kills by you in the entire game.
 C = Kills by friends in this place as a percentage of kills by friends in the entire game.
 D = Other kills in this place as a percentage of other kills in the entire game.
 E = Experience gained in this place as a percentage of experience gained in the entire game.
 F = Experience gained in this place divided by the number of levels of this place that you have seen.
                   A       B       C       D       E      F
               +-------+-------+-------+-------+-------+----------------------
         Total | 100.0 | 100.0 |   N/A |   N/A | 100.0 | 670.8
       Dungeon | 100.0 | 100.0 |   N/A |   N/A | 100.0 | 754.6
               +-------+-------+-------+-------+-------+----------------------

Skill      XL: |  1  2  3  4  5  6  7  8  9 10 |
---------------+-------------------------------+-----
Spellcasting   | 3 4 5 6 8 9 |  9.4
Earth Magic    | 3 4 5 6 7 |  7.3
Short Blades   | 1 2 3 4 5 |  5.5
Stealth        | 4 5 6 7 8 |  8.7
Dodging        | 4 5 6 7 8 |  8.1
Hexes          | 2 5 |  5.2
Transmutations | |  1.3

Action                   |  1- 3 |  4- 6 |  7- 9 | 10-12 || total
-------------------------+-------+-------+-------+-------++-------
Melee: Unarmed           |    16 |       |       |       ||    16
       Dagger            |   115 |    26 |   724 |     2 ||   867
       Short sword       |    17 |    82 |   139 |     2 ||   240
Throw: Dart              |       |    35 |    77 |       ||   112
       Stone             |       |     1 |     8 |       ||     9
 Cast: Sandblast         |    38 |    31 |    32 |       ||   101
       Stone Arrow       |       |       |    51 |     2 ||    53
       Confusing Touch   |       |       |    12 |     1 ||    13
Evoke: Wand              |       |       |       |     3 ||     3
  Use: Scroll            |       |     1 |     5 |       ||     6
 Stab: Sleeping          |     8 |     8 |    16 |     2 ||    34
       Confused          |       |       |    12 |       ||    12
  Eat: Ration            |       |     1 |     5 |       ||     6
Armor: Robe              |    24 |    10 |    19 |     1 ||    54
Dodge: Dodged            |   170 |   123 |   582 |     5 ||   880
Block: Other             |       |       |    15 |     2 ||    17

Vanquished Creatures
  2 dream sheep (D:8)
  A wyvern (D:8)
  2 yaks (D:8)
  A hungry ghost (D:7)
  A black bear (D:8)
  2 ice beasts (D:5)
  2 orc warriors
  4 sky beasts
  7 ogres
  3 big kobolds (D:8)
  6 bullfrogs
  A scorpion (D:7)
  8 wights
  4 howler monkeys
  3 crimson imps
  2 bullfrog zombies
  3 hounds
  A centaur skeleton (D:5)
  A bullfrog skeleton (D:6)
  Ijyb (D:4)
  An iguana (D:4)
  An orc wizard (D:6)
  6 worker ants
  A hound zombie (D:8)
  A hound skeleton (D:8)
  Robin (D:4)
  10 adders
  A shadow imp (D:4)
  2 oozes (D:4)
  2 adder skeletons (D:6)
  2 worms
  A dart slug (D:5)
  6 leopard geckos
  11 orcs
  2 ball pythons
  8 giant cockroaches
  14 goblins
  5 hobgoblins
  4 quokkas
  A ball python skeleton (D:5)
  8 bats
  9 frilled lizards
  11 kobolds
  4 rats
167 creatures vanquished.
